 Dungeon Crawl Stone Soup version 0.30.1-3-gfc49f6343a (webtiles) character file.

Game seed: 739858372172005085

6448 coffeetime the Protected (level 10, -15/96 HPs)
             Began as a Hill Orc Fighter on July 22, 2023.
             Was a Priest of Nemelex Xobeh.
             Demolished by a komodo dragon (19 damage)
             ... on level 1 of the Lair of Beasts.
             The game lasted 00:31:22 (8216 turns).

coffeetime the Protected (Hill Orc Fighter)         Turns: 8216, Time: 00:31:23

Health: -15/96     AC: 22    Str: 24    XL:     10   Next: 99%
Magic:  16/16      EV:  8    Int:  8    God:    Nemelex Xobeh [***...]
Gold:   580        SH:  4    Dex: 10    Spells: 9/9 levels left

rFire   . . .        D - +3 whip
rCold   . . .        c - +0 buckler
rNeg    . . .        Y - +2 chain mail {Will+}
rPois   .            E - +0 helmet
rElec   .            (no cloak)
rCorr   +            j - +0 pair of gloves
SInv    .            K - +0 pair of boots
Will    +....        o - amulet of regeneration Stlth
                     O - +4 ring of protection
HPRegen 1.16/turn    y - ring of resist corrosion
MPRegen 0.15/turn

%: no passive effects
@: no status effects
A: no striking features
a: Renounce Religion, Draw Escape, Draw Destruction, Draw Summoning, Triple Draw


You were on level 1 of the Lair of Beasts.
You worshipped Nemelex Xobeh.
Nemelex Xobeh was most pleased with you.
You visited 3 branches of the dungeon, and saw 10 of its levels.
You also visited: Sewer.

You collected 580 gold pieces.

Inventory:

Hand Weapons
 a - a +0 war axe
 w - a +0 sling
 C - a +2 scimitar of pain
 D - a +3 whip (weapon)
 T - a +1 sling of electrocution
 X - a +6 heavy quarterstaff
Missiles
 e - 81 stones (quivered)
 h - 3 poisoned darts
 J - a curare-tipped dart
 L - 4 boomerangs
 Q - 3 boomerangs of dispersal
Armour
 c - a +0 buckler (worn)
 j - a +0 pair of gloves (worn)
 n - a +0 chain mail
 E - a +0 helmet (worn)
 K - a +0 pair of boots (worn)
 U - +0 acid dragon scales
 Y - a +2 chain mail of willpower (worn)
Magical Staves
 x - a staff of fire
Jewellery
 b - a ring of magical power
 o - an amulet of regeneration (around neck)
 y - a ring of resist corrosion (right hand)
 O - a +4 ring of protection (left hand)
Wands
 t - a wand of polymorph (9)
 N - a wand of flame (11)
 W - a wand of roots (5)
Scrolls
 g - a scroll of teleportation
 l - 2 scrolls of silence
 m - a scroll of poison {unknown}
 p - 2 scrolls of butterflies {unknown}
 q - 4 scrolls of enchant weapon
 r - 2 scrolls of fear
 u - 5 scrolls of vulnerability {unknown}
 z - 2 scrolls of brand weapon {unknown}
 B - a scroll of blinking {unknown}
 F - 2 scrolls of fog {unknown}
 I - a scroll of enchant armour {unknown}
 M - a scroll of immolation {unknown}
 S - a scroll of noise {unknown}
 V - a scroll of magic mapping {unknown}
Potions
 d - a potion of might
 f - a potion of cancellation {unknown}
 i - 5 potions of mutation
 k - 2 potions of ambrosia
 s - 2 potions of degeneration {unknown}
 v - 3 potions of brilliance
 A - a potion of curing {unknown}
 G - 4 potions of haste {unknown}
 H - a potion of resistance {unknown}
 P - a potion of magic {unknown}
 R - a potion of invisibility {unknown}


   Skills:
 - Level 11.3 Fighting
 - Level 2.6 Axes
 + Level 11.4 Armour
 - Level 4.6 Shields
 + Level 8.9 Invocations
 + Level 5.1 Evocations


You had 9 spell levels left.
You didn't know any spells.
Your spell library contained the following spells:

 Spells                   Type           Power      Damage    Failure   Level
 Kiss of Death            Conj/Necr      0%         2d5       91%         1
 Confusing Touch          Hex            0%         N/A       99%         3
 Portal Projectile        Hex/Tloc       0%         N/A       99%         3
 Tukima's Dance           Hex            0%         N/A       99%         3
 Vhi's Electric Charge    Tloc/Air       0%         N/A       99%         3
 Dispel Undead            Necr           0%         3d6       100%        4
 Arcjolt                  Conj/Air       0%         1d10      100%        5
 Blade Hands              Tmut           0%         N/A       100%        5
 Maxwell's Capacitive Co  Air            0%         ∞         100%        8


Dungeon Overview and Level Annotations

Branches:
Dungeon (8/15)             Temple (1/1) D:4            Lair (1/5) D:8
  Sewer (visited)

Altars:
Ashenzari
Cheibriados
Elyvilon
Fedhas
Gozag
Hepliaklqana
Kikubaaqudgha
Makhleb
Nemelex Xobeh
Ru
Trog
Uskayaw
Vehumet
Wu Jian
Xom
Yredelemnul
Zin

Annotations:
D:3 Grinder
D:5 Edmund


Message History

You kill the polar bear!
The komodo dragon barely misses you.
You barely miss the komodo dragon. You block the komodo dragon's attack.
You hit the komodo dragon.
The komodo dragon is lightly wounded.
The komodo dragon bites you but does no damage.
You hit the komodo dragon.
The komodo dragon is lightly wounded.
You block the komodo dragon's attack.
You hit the komodo dragon but do no damage.
The komodo dragon is lightly wounded.
You block the komodo dragon's attack. The komodo dragon bites you!!
* * * LOW HITPOINT WARNING * * *
You draw a card...
You have drawn Wild Magic.
Sparks fly from the komodo dragon's front talons.
You feel a surge of magic. The komodo dragon bites you!!
* * * LOW HITPOINT WARNING * * *
You draw a card...
You have drawn Pain.
Press: ? - help, Shift-Dir - straight line, f - komodo dragon
Aim: a komodo dragon (lightly wounded)
The bolt of negative energy hits the komodo dragon!
The komodo dragon is drained!
The komodo dragon is heavily wounded.
The komodo dragon bites you but does no damage.
You draw a card...
You have drawn Wild Magic.
The komodo dragon is briefly tinged with green.
The komodo dragon is poisoned.
You feel a surge of magic. The komodo dragon bites you.
* * * LOW HITPOINT WARNING * * *
Unknown command.
You draw a card...
You have drawn the Orb.
Press: ? - help, Shift-Dir - straight line, f/p - komodo dragon
Aim: a komodo dragon (heavily wounded, poisoned, lightly drained)
The deck of cards disappears without a trace.
The komodo dragon hisses menacingly.
The komodo dragon bites you!!
You die...
Your body disappears without a glow.

.....# #...........#
.....# #...........#
.....# #...........#
.....# #...........#
.....# #...........#
.....## #...........#
.....P### #...........#
###.....# ##..*☼.○*...#
##....# ##...@.....#
#P....# #..l○.....#
####....## ##...○.....#
.###.....###P..*......#
..................#.###
.................####
.................#
.................#
.................P#


You could see a komodo dragon (poisoned, drained, ally target).

Vanquished Creatures
  Joseph (D:8)
  Maggie (Lair:1)
  2 rime drakes (Lair:1)
  A queen bee (Lair:1)
  A polar bear (Lair:1)
  A spriggan (Lair:1)
  8 yaks
  2 steam dragons
  Grum (D:8)
  2 wargs (D:8)
  2 water moccasins
  2 orc warriors
  Pargi (Sewer)
  2 ice beasts
  A sky beast (D:8)
  7 wolves (D:8)
  3 ogres
  A centaur (D:7)
  2 phantoms (D:7)
  A kobold brigand (D:6)
  2 scorpions
  3 bullfrogs
  A jelly (D:5)
  2 howler monkeys
  3 hounds
  4 orc priests
  4 iguanas
  6 orc wizards
  Robin (D:4)
  6 adders
  3 gnolls (D:2)
  2 white imps
  A worm (Lair:1)
  4 dart slugs
  15 orcs
  10 ball pythons
  A bat zombie (D:4)
  6 endoplasms
  2 giant cockroaches
  11 goblins
  14 hobgoblins
  2 jackals (D:2)
  6 quokkas
  7 bats
  5 frilled lizards
  12 kobolds
  9 rats
  2 rat zombies (D:4)
186 creatures vanquished.

Notes
Turn   | Place    | Note
-------+----------+-------------------------------------------
     0 | D:1      | coffeetime the Hill Orc Fighter began the quest for the
                  | Orb.
     0 | D:1      | Reached XP level 1. HP: 19/19 MP: 1/1
    75 | D:1      | Reached XP level 2. HP: 23/27 MP: 2/2
   255 | D:1      | Reached XP level 3. HP: 34/34 MP: 3/3
   796 | D:2      | Reached XP level 4. HP: 21/41 MP: 4/4
  1016 | D:2      | Reached skill level 5 in Fighting
  1508 | D:3      | Reached XP level 5. HP: 43/48 MP: 5/5
  1613 | D:3      | Noticed Grinder
  1800 | D:3      | Found a hide-covered altar of Uskayaw.
  1974 | D:4      | Found a staircase to the Ecumenical Temple.
  1975 | D:4      | Noticed an ogre
  1985 | D:4      | Killed an ogre
  1986 | D:4      | Reached XP level 6. HP: 24/57 MP: 6/6
  1994 | Temple   | Entered the Ecumenical Temple
  2296 | Temple   | Became a worshipper of Nemelex Xobeh the Trickster
  2434 | D:4      | Reached skill level 1 in Invocations
  2529 | D:4      | Found a snail-covered altar of Cheibriados.
  2656 | D:4      | Noticed Robin
  2671 | D:4      | Killed Robin
  3049 | D:4      | Found a sacrificial altar of Ru.
  3137 | D:4      | Found an ancient bone altar of Kikubaaqudgha.
  3150 | D:5      | Entered Level 5 of the Dungeon
  3194 | D:5      | Found a broken altar of Ashenzari.
  3226 | D:5      | Reached skill level 5 in Armour
  3247 | D:5      | Reached XP level 7. HP: 43/64 MP: 8/8
  3328 | D:5      | Noticed Edmund
  3522 | D:5      | Reached * piety under Nemelex Xobeh
  3533 | D:5      | Found a glowing drain.
  3538 | Sewer    | Entered a sewer
  3599 | Sewer    | Noticed Pargi
  3612 | Sewer    | Killed Pargi
  3935 | D:6      | Noticed a steam dragon
  3978 | D:5      | Reached XP level 8. HP: 31/74 MP: 11/11
  4249 | D:5      | Reached skill level 5 in Invocations
  5108 | D:6      | Received a gift from Nemelex Xobeh
  5200 | D:6      | Found a blossoming altar of Fedhas.
  5612 | D:7      | Reached ** piety under Nemelex Xobeh
  5707 | D:7      | Found a hazy altar of Hepliaklqana.
  5774 | D:7      | Found an ornate altar of the Wu Jian Council.
  5975 | D:7      | Paralysed by an orc warrior for 4 turns
  5985 | D:7      | Paralysed by an orc warrior for 5 turns
  6000 | D:7      | HP: 3/78 [orc warrior/+0 quarterstaff (8)]
  6004 | D:7      | Reached XP level 9. HP: 32/84 MP: 13/13
  6505 | D:7      | Reached skill level 10 in Fighting
  6781 | D:8      | Received a gift from Nemelex Xobeh
  6810 | D:8      | Noticed Joseph
  6837 | D:8      | Killed Joseph
  6878 | D:8      | Noticed Grum
  6919 | D:8      | Killed Grum
  6998 | D:8      | Reached skill level 10 in Armour
  7023 | D:8      | Reached skill level 1 in Evocations
  7023 | D:8      | Reached XP level 10. HP: 70/96 MP: 14/14
  7138 | D:8      | Found a staircase to the Lair.
  7287 | D:8      | Noticed a two-headed ogre
  7366 | Lair:1   | Entered Level 1 of the Lair of Beasts
  7591 | Lair:1   | Noticed a black mamba
  7618 | Lair:1   | a black mamba changed into a rime drake
  7704 | Lair:1   | Reached *** piety under Nemelex Xobeh
  7721 | Lair:1   | Noticed a cane toad
  7730 | Lair:1   | a cane toad changed into a queen bee
  8074 | Lair:1   | Noticed Maggie
  8077 | Lair:1   | Killed Maggie
  8078 | Lair:1   | Reached skill level 5 in Evocations
  8213 | Lair:1   | HP: 1/96 [komodo dragon (19)]
  8216 | Lair:1   | Demolished by a komodo dragon

Illustrated notes

Levels and vault maps discovered:
D:1:      dpeg_arrival_fog, layout_basic
D:2:      layout_loops_ring
D:3:      layout_loops_ring, nicolae_overflow_hidden_temple, moated_statue,
          uniq_grinder
D:4:      layout_rooms, lemuel_tele_altar, overflow_temple_1_default,
          lemuel_zombie_altar_kikubaaqudgha, minmay_temple_entry_grid,
          supply_closet_lemuel, uniq_robin
D:5:      layout_gridville, cheibrodos_ashenzari_chains, old_standard_altar,
          gammafunk_temple_overflow_statue, portal_sewer_entry_e, uniq_edmund
D:6:      layout_cave_pools, old_standard_altar
D:7:      layout_basic, nzn_wu_jian_council_hall,
          mainiacjoe_overflow_surrounded_room
D:8:      layout_basic, erik_lair_orcish_takeover, lightli_corner_chamber,
          uniq_joseph, uniq_grum
Temple:   grunt_temple_mini_profane
Lair:1:   layout_cellular_growth, uniq_maggie

Skill      XL: |  1  2  3  4  5  6  7  8  9 10 |
---------------+-------------------------------+-----
Fighting       | 4 5 6 7 9 11 | 11.3
Shields        | 4 |  4.6
Armour         | 4 5 6 8 10 11 | 11.4
Invocations    | 2 4 5 8 |  8.9
Evocations     | 1 5 |  5.1
Axes           | |  2.6

Action                     |  1- 3 |  4- 6 |  7- 9 | 10-12 || total
---------------------------+-------+-------+-------+-------++-------
  Melee: War axe           |    92 |   131 |       |       ||   223
         Whip              |       |    33 |   506 |   309 ||   848
  Throw: Stone             |       |       |     1 |     1 ||     2
 Invoke: Draw Destruction  |       |       |     3 |     9 ||    12
         Draw Summoning    |       |       |     1 |       ||     1
         Draw Escape       |       |       |       |     1 ||     1
  Evoke: Wand              |       |       |       |     4 ||     4
    Use: Scroll            |       |     3 |     4 |     1 ||     8
         Potion            |       |       |     2 |     1 ||     3
 Armour: Scale mail        |    53 |       |       |       ||    53
         Chain mail        |    15 |   112 |   306 |   229 ||   662
  Dodge: Dodged            |    44 |    68 |   195 |   127 ||   434
  Block: Buckler           |    32 |    35 |   113 |    80 ||   260
